 Dungeon Crawl Stone Soup version 0.25.0-11-g1f837a76a1 (webtiles) character file.

Game seed: 10778228650283820350

160 Apogee the Twirler (level 5, 0/57 HPs)
             Began as a Human Wanderer on June 26, 2020.
             Slain by an ogre
             ... wielding a +0 giant club
              (13 damage)
             ... on level 3 of the Dungeon.
             The game lasted 00:06:22 (3130 turns).

Apogee the Twirler (Human Wanderer)                 Turns: 3130, Time: 00:06:23

Health: 0/57       AC: 22    Str: 12    XL:     5   Next: 69%
Magic:  8/8        EV:  2    Int: 13    God:
Gold:   132        SH:  0    Dex: 13    Spells: 7/8 levels left

rFire    x . .     SeeInvis .   a - +0 quarterstaff
rCold    + . .     Gourm    .   (shield currently unavailable)
rNeg     + + +     Faith    .   (armour currently unavailable)
rPois    +         Spirit   .   (helmet currently unavailable)
rElec    .         Reflect  .   (cloak currently unavailable)
rCorr    .         Harm     .   (gloves currently unavailable)
MR       .....     NoTele   +   (boots currently unavailable)
Stlth    ++........             (no amulet)
HPRegen  0.19/turn              v - ring of teleportation
MPRegen  0.11/turn              m - ring of ice

@: tree-form
A: no striking features
a: no special abilities


You were on level 3 of the Dungeon.
You were not hungry.
You were a tree.
You visited 1 branch of the dungeon, and saw 4 of its levels.

You collected 132 gold pieces.

Inventory:

Hand Weapons
 a - a +0 quarterstaff (weapon)
 e - a +0 dagger
 g - a +0 hunting sling
Missiles
 h - 13 sling bullets
 i - 24 poisoned darts (quivered)
 n - 114 stones
 s - 8 silver javelins
Armour
 d - a +0 robe (melded)
 k - a +0 pair of boots (melded)
Jewellery
 m - a ring of ice (right branch)
 v - a ring of teleportation (left branch)
Wands
 c - a wand of random effects (15)
Scrolls
 j - a scroll of fear
 o - a scroll of enchant weapon {unknown}
 r - a scroll of identify
Potions
 b - a potion of heal wounds
 q - a potion of ambrosia
Comestibles
 f - 7 rations
 p - 2 chunks of flesh


   Skills:
 - Level 2.0 Fighting
 + Level 5.1 Staves
 - Level 1.0 Dodging
 - Level 2.0 Stealth
 - Level 2.0 Spellcasting
   Level 1.0 Air Magic
 - Level 1.0 Evocations


You had 7 spell levels left.
You knew the following spells:

 Your Spells              Type           Power        Failure   Level  Hunger
a - Magic Dart            Conj           #...         26%         1    ##.....

Your spell library contained the following spells:

 Spells                   Type           Power        Failure   Level  Hunger
 Blink                    Tloc           N/A          36%         2    ###....
 Call Imp                 Summ           #.......     36%         2    ###....
 Slow                     Hex            #.......     36%         2    ###....
 Mephitic Cloud           Conj/Pois/Air  #.......     54%         3    ####...
 Conjure Flame            Conj/Fire      #.......     58%         3    ####...


Dungeon Overview and Level Annotations

Branches:
Dungeon (4/15)
 Temple: D:4-7

Altars:
Gozag

Annotations:
D:2 Sigmund


Message History

The ogre hits you with a +0 giant club!
You hit the ogre.
The ogre is moderately wounded.
The ogre hits you but does no damage.
You sock the ogre!
The ogre is severely wounded.
The ogre hits you with a +0 giant club!
* * * LOW HITPOINT WARNING * * *
You sock the ogre!
The ogre is almost dead.
The ogre hits you but does no damage.
You hit the ogre but do no damage.
The ogre is almost dead.
You barely miss the ogre.
The ogre is almost dead.
The ogre hits you but does no damage.
You hit the ogre but do no damage.
The ogre is almost dead.
The ogre hits you with a +0 giant club!
You die...

#..............# ###
#.........####.# ##.##
#.........# #.#
##.#<#####.........####.####
#.###..............#.......#
#..#.#.#############.##.##.#
#....#.# #....##.# #....#.#
####### #.#####.# #....#.#
#♣....# #.#####.#
#.#.##.####.O...# #.......#
#.........#.....# ##.#######
###.#####.#.....# #..# #.##
#.#.....# #.##
#..########.#####.#
#.##8_8#.......##.#
#..#...#....##.##.#
#..#...#..#.##.##.# #####


You could see an ogre.

Vanquished Creatures
  A worker ant (D:4)
  3 gnolls (D:2)
  2 adders (D:3)
  A shadow imp (D:3)
  3 dart slugs (D:1)
  5 leopard geckos
  An orc (D:3)
  4 giant cockroaches
  7 goblins
  8 hobgoblins
  4 jackals (D:1)
  2 quokkas (D:3)
  6 bats
  3 frilled lizards
  11 kobolds
  11 rats
72 creatures vanquished.

Notes
Turn   | Place    | Note
-------+----------+-------------------------------------------
     0 | D:1      | Apogee the Human Wanderer began the quest for the Orb.
     0 | D:1      | Apogee set off with the following items: a +0 quarterstaff,
                  | a wand of random effects (15), a +0 robe, a +0 dagger, a
                  | ration; and the following spell memorised: Magic Dart; and
                  | the following spells available to memorise: Blink, Call
                  | Imp, Slow, Mephitic Cloud, Conjure Flame
     0 | D:1      | Reached XP level 1. HP: 16/16 MP: 3/3
   160 | D:1      | Reached XP level 2. HP: 5/22 MP: 5/5
   173 | D:1      | Reached skill level 2 in Staves
   544 | D:1      | Reached XP level 3. HP: 15/27 MP: 6/6
   757 | D:1      | Reached skill level 3 in Staves
  1666 | D:2      | Noticed Sigmund
  1754 | D:2      | Reached XP level 4. HP: 31/33 MP: 7/7
  1925 | D:2      | Reached skill level 4 in Staves
  2092 | D:3      | Reached XP level 5. HP: 27/38 MP: 8/8
  2303 | D:3      | Found an opulent altar of Gozag.
  3070 | D:4      | Reached skill level 5 in Staves
  3083 | D:4      | Noticed an ogre
  3130 | D:3      | Slain by an ogre

Illustrated notes

Levels and vault maps discovered:
D:1:      tarquinn_simple_flora_water_f, layout_loops_ring, minmay_tetromino_s2
D:2:      layout_basic, chequers_temple_overflow_minitemple, first_ration,
          uniq_crazy_yiuf_cottage, uniq_sigmund
D:3:      layout_loops_cross, grunt_gozag_breadcrumbs
D:4:      kb_forest_paths, layout_rooms, portal_sewer_entry_e

Skill      XL: |  1  2  3  4  5 |
---------------+----------------+-----
Staves         | 2 3 4 5 |  5.1
Fighting       | |  2.0
Dodging        | |  1.0
Stealth        | |  2.0
Spellcasting   | |  2.0
Air Magic      | |  1.0
Evocations     | |  1.0

Action                   |  1- 3 |  4- 6 || total
-------------------------+-------+-------++-------
Melee: Quarterstaff      |    99 |   131 ||   230
  Use: Potion            |       |     3 ||     3
       Scroll            |       |     7 ||     7
 Stab: Sleeping          |     7 |     1 ||     8
  Eat: Chunk             |     3 |     4 ||     7
Armor: Robe              |    31 |    18 ||    49
       Skin              |       |    32 ||    32
Dodge: Dodged            |    64 |    74 ||   138
